 Dungeon Crawl Stone Soup version 0.29.1-13-g9f3cf754e1 (webtiles) character file.

Game seed: 10643364259479012571

88 KittyFluff the Cudgeller (level 4, 0/29 HPs)
             Began as a Gargoyle Berserker on Jan 22, 2023.
             Was a Believer of Trog.
             Slain by Natasha (4 damage)
             ... on level 2 of the Dungeon.
             The game lasted 00:06:55 (1649 turns).

KittyFluff the Cudgeller (Gargoyle Berserker)       Turns: 1649, Time: 00:06:57

Health: 0/29       AC:  6    Str: 21    XL:     4   Next: 53%
Magic:  4/4        EV: 12    Int:  7    God:    Trog [**....]
Gold:   87         SH:  0    Dex: 11    Spells: 3/3 levels left

rFire   . . .      SeeInvis .   a - +0 mace
rCold   . . .      Faith    .   (no shield)
rNeg    + . .      Spirit   .   f - +0 leather armour
rPois   ∞          Reflect  .   (no helmet)
rElec   +          Harm     .   (no cloak)
rCorr   .          Rampage  .   (no gloves)
Will    .....                   (no boots)
Stlth   +.........              (no amulet)
HPRegen 0.09/turn               (no ring)
MPRegen 0.09/turn               (no ring)

@: slowed, very slow
A: sickness immunity, AC +3, negative energy resistance 1, electricity
resistance, torment resistance 1, petrification resistance
a: Renounce Religion, Berserk, Trog's Hand


You were on level 2 of the Dungeon.
You worshipped Trog.
Trog was pleased with you.
You visited 1 branch of the dungeon, and saw 2 of its levels.

You collected 87 gold pieces.

Inventory:

Hand Weapons
 a - a +0 mace (weapon)
 i - a +0 flail
Missiles
 c - 36 stones (quivered)
 e - a throwing net
 k - 6 javelins
Armour
 f - a +0 leather armour (worn)
Scrolls
 b - 2 scrolls of fear {unknown}
 d - 4 scrolls of identify
 g - 2 scrolls of blinking {unknown}
 j - a scroll of teleportation {unknown}
 l - a scroll of vulnerability {unknown}
 q - a scroll of torment {unknown}
Potions
 h - a potion of heal wounds
 m - a potion of curing
 n - a potion of mutation {unknown}
 o - a potion of might {unknown}
 p - a potion of haste {unknown}


   Skills:
 + Level 3.9 Fighting
 + Level 3.9 Maces & Flails
 * Level 2.9 Armour
 + Level 2.3 Dodging


You had 3 spell levels left.
You didn't know any spells.
Your spell library was empty.

Dungeon Overview and Level Annotations

Branches:
Dungeon (2/15)

Altars:

Annotations:
D:2 Natasha


Innate Abilities, Weirdness & Mutations

You are immune to sickness and miasma.
Your stone body is resilient. (AC +3)
You are immune to poison.
You resist negative energy. (rN+)
You are resistant to electric shocks. (rElec)
You are resistant to unholy torment.
You are immune to petrification.


Message History

You hit Natasha but do no damage.
Natasha is moderately wounded.
Natasha claws you.
You barely miss Natasha.
Natasha is moderately wounded.
Natasha barely misses you.
You hit Natasha.
Natasha is heavily wounded.
Natasha drinks a potion.
Natasha is healed!
You closely miss Natasha. Natasha claws you.
You barely miss Natasha. Natasha closely misses you. Natasha claws you.
You sock Natasha!
Natasha is heavily wounded.
Natasha stares at you and mumbles some strange words.
The magic dart hits you.
You hit Natasha.
Natasha is severely wounded.
Natasha barely misses you.
You hit Natasha.
Natasha is almost dead.
Natasha casts a spell at you. The magic dart hits you.
You completely miss Natasha.
Natasha is almost dead.
Natasha casts a spell at you.
You feel yourself slow down.
You completely miss Natasha.
Natasha is almost dead.
Natasha claws you but does no damage. Natasha claws you.
You closely miss Natasha.
Natasha is almost dead.
Natasha mumbles some strange words.
Natasha barely misses you.
You closely miss Natasha.
Natasha is almost dead.
Natasha stares at you and mumbles some strange words.
The magic dart hits you.
* * * LOW HITPOINT WARNING * * *
The crimson imp barely misses you. Natasha claws you.
You die...

##.#...##.......#######
#......#.......# #
###...##..)....# #
##.###.......#######
#.# #.......##..... #.#
####.#####.#### #.#
#.....<..#
#5#####..####..#
#.@h.....####..# ######
#############..##..>..#
.....# #.......#
#.)##.##.## ####.#
#.#####.# #...#.##.#
..##.###.#####.#
#........#
#...........##.#
##...#####
.....###.##.##.# #...#
####.# #.##.##.# #...#
.....# #.......# #...#


You could see Natasha and a crimson imp (summoned).

Vanquished Creatures
  Natasha (twice) (D:2)
  A dart slug (D:2)
  2 endoplasms (D:2)
  A giant cockroach (D:1)
  4 goblins
  2 hobgoblins
  2 jackals (D:1)
  6 kobolds
  A quokka (D:2)
  3 ball pythons
  3 bats
  A frilled lizard (D:1)
  8 rats
36 creatures vanquished.

Notes
Turn   | Place    | Note
-------+----------+-------------------------------------------
     0 | D:1      | KittyFluff the Gargoyle Berserker began the quest for the
                  | Orb.
     0 | D:1      | Reached XP level 1. HP: 14/14 MP: 1/1
   281 | D:1      | Found a faded altar of an unknown god.
   351 | D:1      | Reached XP level 2. HP: 16/19 MP: 2/2
   762 | D:1      | Reached ** piety under Trog
   906 | D:2      | Reached XP level 3. HP: 22/24 MP: 3/3
  1178 | D:2      | Noticed Natasha
  1189 | D:2      | Killed Natasha
  1432 | D:2      | Reached XP level 4. HP: 29/29 MP: 4/4
  1503 | D:2      | Noticed Natasha
  1509 | D:2      | Killed Natasha
  1633 | D:2      | Noticed Natasha
  1649 | D:2      | Slain by Natasha

Illustrated notes

Levels and vault maps discovered:
D:1:      shiori_arrival_elements, layout_basic,
          shapermc_ecumenical_altar_mp_ritualfount
D:2:      layout_loops_cross, uniq_natasha

Skill      XL: |  1  2  3 |
---------------+----------+-----
Dodging        | 2 |  2.3
Fighting       | |  3.9
Maces & Flails | |  3.9
Armour         | |  2.9

Action                   |  1- 3 |  4- 6 || total
-------------------------+-------+-------++-------
Melee: Mace              |   104 |    24 ||   128
  Use: Scroll            |     1 |       ||     1
Armor: Animal skin       |     6 |       ||     6
       Leather armour    |    38 |     5 ||    43
Dodge: Dodged            |    80 |    14 ||    94
